 Dungeon Crawl Stone Soup version 0.31-a0-1469-gd420192249 (webtiles) character file.

Game seed: 4602304521987083040

545248 croobank the Worldbinder (level 24, -7/294 HPs)
             Began as a Felid Summoner on Dec 25, 2023.
             Was an Initiate of Gozag.
             Mangled by a golden dragon (37 damage)
             ... on level 1 of the Realm of Zot on Dec 29, 2023.
             The game lasted 08:48:05 (94735 turns).

croobank the Worldbinder (Felid Summoner)          Turns: 94735, Time: 08:48:05

Health: -7/294     AC: 32    Str:  4    XL:     24   Next: 87%
Magic:  19/45      EV:  4    Int: 36    God:    Gozag
Gold:   6619       SH:  0    Dex: 18    Spells: 5/57 levels left
                                        Lives:  0   Deaths: 8

rFire   + . .        (weapon unavailable)
rCold   + + +        (shield unavailable)
rNeg    . . .        (body armour unavailable)
rPois   +            (helmet unavailable)
rElec   +            (cloak unavailable)
rCorr   +            (gloves unavailable)
SInv    +            (boots unavailable)
Will    +++..        j - amulet "Kalunips" {RegenMP rElec} Stlth
                     B - ring "Cataysal" {rC+ Int+6}
HPRegen 0.69/turn    v - ring "Hampas" {rPois rC+++ rCorr Stlth+}
MPRegen 0.69/turn

%: no passive effects
@: mighty, berserking, tree-form, resistant, calling dragons, gold aura, very
slightly contaminated, very quick
A: stationary, stasis, torment immunity, boosted hp, very small, (claws 1),
(fangs 3), see invisible, (shaggy fur 3), (stealthy paws), no weapons or thrown
items, no armour, multi-lived
}: 3/15 runes: barnacled, silver, gossamer
a: End Transformation, Renounce Religion, Potion Petition, Call Merchant, Bribe
Branch


You were on level 1 of the Realm of Zot.
You worshipped Gozag.
Gozag was greatly pleased with you.
You were a tree.
You visited 10 branches of the dungeon, and saw 46 of its levels.
You visited 1 bazaar.
You also visited: Gauntlet.

You collected 25770 gold pieces.
You spent 4937 gold pieces at shops.
You paid 14214 gold pieces to Gozag.

Inventory:

Jewellery
 a - a +6 ring of dexterity
 j - the amulet "Kalunips" (around neck) {RegenMP rElec}
   (You acquired it on level 10 of the Dungeon)

   [amulet of magic regeneration]

   RegenMP:   It increases your rate of magic regeneration.
   rElec:     It insulates you from electricity.
 k - the ring "Patu" {Fly rN+ Stlth+}
   (You took it off a spriggan berserker on level 2 of the Depths)

   [ring of flight]

   rN+:       It protects you from negative energy.
   Fly:       It grants you flight.
   Stlth+:    It makes you more stealthy.
 r - a ring of protection from fire
 u - a ring of magical power
 v - the ring "Hampas" (right branch) {rPois rC+++ rCorr Stlth+}
   (You found it on level 8 of the Dungeon)

   [ring of poison resistance]

   rC+++:     It renders you almost immune to cold.
   rPois:     It protects you from poison rCorr: It protects you from acid and
   corrosion.
   Stlth+:    It makes you more stealthy.
 z - an amulet of reflection
 B - the ring "Cataysal" (left branch) {rC+ Int+6}
   (You bought it in a shop on level 3 of the Dungeon)

   [ring of intelligence]

   Int+6:     It affects your intelligence (+6).
   rC+:       It protects you from cold.
 F - a +6 ring of intelligence
 K - the ring of Circularity {Will- EV+5 Str+5 Int+2 Stlth-}
   (You found it on level 10 of the Dungeon)

   [ring of evasion]

   EV+5:      It affects your evasion (+5).
   Str+5:     It affects your strength (+5).
   Int+2:     It affects your intelligence (+2).
   Will-:     It decreases your willpower.
   Stlth-:    It makes you less stealthy.
 L - a +4 ring of protection
 O - a ring of willpower
 Q - a +5 ring of evasion
 U - a ring of protection from fire
 V - a ring of wizardry
 Z - an amulet of magic regeneration
Talismans
 y - a granite talisman (active)
 W - a dragon-blood talisman
Wands
 b - a wand of digging (62)
 o - a wand of polymorph (35)
 t - a wand of flame (93)
 x - a wand of paralysis (49)
 E - a wand of quicksilver (24)
 G - a wand of roots (40)
 N - a wand of mindburst (8)
Scrolls
 c - 9 scrolls of noise
 h - 5 scrolls of poison
 l - 4 scrolls of torment
 q - 4 scrolls of fear
 s - 8 scrolls of teleportation
 w - 7 scrolls of fog
 A - 12 scrolls of vulnerability
 H - 8 scrolls of revelation
 M - 3 scrolls of amnesia
 X - 2 scrolls of silence
Potions
 d - 5 potions of cancellation
 e - 9 potions of attraction
 f - 5 potions of resistance
 g - 23 potions of curing
 m - 10 potions of enlightenment
 p - 8 potions of lignification
 C - 10 potions of haste
 I - 3 potions of might
 P - 5 potions of ambrosia
 R - 4 potions of berserk rage
 Y - 6 potions of mutation
Miscellaneous
 i - a sack of spiders (inert)
 n - a phial of floods


   Skills:
 - Level 15.0 Fighting
 - Level 22.1 Dodging
 - Level 15.4 Stealth
 - Level 17.0 Spellcasting
 - Level 11.1 Hexes
 - Level 23.6 Summonings
 - Level 5.0 Translocations
 - Level 5.0 Fire Magic
 - Level 7.0 Air Magic
 + Level 20.3 Shapeshifting


You had 5 spell levels left.
You knew the following spells:

 Your Spells              Type           Power      Damage    Failure   Level
f - Summon Mana Viper     Hex/Summ       100%       N/A       1%          5
g - Summon Forest         Summ/Tloc      46%        N/A       1%          5
h - Summon Cactus Giant   Summ           58%        N/A       0%          6
i - Summon Hydra          Summ           58%        N/A       1%          7
x - Dragon's Call         Summ           58%        N/A       7%          9
B - Blink                 Tloc           100%       N/A       1%          2
E - Enfeeble              Hex            42%        N/A       10%         7
H - Haunt                 Necr/Summ      43%        N/A       8%          7
U - Dispel Undead         Necr           30%        3d14      11%         4

Your spell library contained the following spells:

 Spells                   Type           Power      Damage    Failure   Level
 Summon Small Mammal      Summ           100%       N/A       0%          1
 Call Imp                 Summ           100%       N/A       0%          2
 Call Canine Familiar     Summ           100%       N/A       0%          3
 Magic Dart               Conj           100%       1d8       1%          1
 Sandblast                Erth           60%        2d14      1%          1
 Cigotuvi's Dreadful Rot  Necr/Alch/Air  94%        N/A       1%          2
 Ensorcelled Hibernation  Hex/Ice        100%       N/A       1%          2
 Jinxbite                 Hex            100%       N/A       1%          2
 Lesser Beckoning         Tloc           100%       N/A       1%          2
 Confusing Touch          Hex            84%        N/A       1%          3
 Dazzling Flash           Conj/Hex       100%       N/A       1%          3
 Gell's Gravitas          Tloc           61%        N/A       1%          3
 Inner Flame              Hex/Fire       73%        N/A       1%          3
 Mephitic Cloud           Conj/Alch/Air  47%        N/A       1%          3
 Swiftness                Air            69%        N/A       1%          3
 Teleport Other           Tloc           61%        N/A       1%          3
 Tukima's Dance           Hex            84%        N/A       1%          3
 Volatile Blastmotes      Fire/Tloc      100%       2d18      1%          3
 Anguish                  Hex/Necr       31%        N/A       1%          4
 Cause Fear               Hex            42%        N/A       1%          4
 Manifold Assault         Tloc           61%        N/A       1%          4
 Martyr's Knell           Necr/Summ      86%        N/A       1%          4
 Summon Blazeheart Golem  Fire/Summ      93%        N/A       1%          4
 Summon Lightning Spire   Summ/Air       96%        N/A       1%          4
 Vhi's Electric Charge    Tloc/Air       100%       N/A       1%          4
 Silence                  Hex/Air        38%        N/A       1%          5
 Frozen Ramparts          Ice            60%        1d10      3%          3
 Fugue of the Fallen      Necr           30%        N/A       3%          3
 Ozocubu's Armour         Ice            30%        N/A       3%          3
 Passwall                 Erth           30%        N/A       3%          3
 Stone Arrow              Conj/Erth      60%        3d10      3%          3
 Vampiric Draining        Necr           30%        2d8       3%          3
 Metabolic Englaciation   Hex/Ice        31%        N/A       3%          5
 Yara's Violent Unravell  Hex/Alch       31%        3d13      3%          5
 Flame Wave               Conj/Fire      48%        2d12      4%          4
 Ignite Poison            Fire/Alch      48%        N/A       4%          4
 Iskenderun's Mystic Bla  Conj/Tloc      48%        2d11      4%          4
 Sticky Flame             Fire/Alch      48%        2d9       4%          4
 Arcjolt                  Conj/Air       27%        1d37      8%          5
 Brom's Barrelling Bould  Conj/Erth      30%        2d5       11%         4
 Leda's Liquefaction      Alch/Erth      15%        N/A       11%         4
 Petrify                  Alch/Erth      30%        N/A       11%         4
 Fireball                 Conj/Fire      24%        3d11      11%         5
 Freezing Cloud           Conj/Ice/Air   23%        6-21      12%         5
 Curse of Agony           Necr           30%        N/A       30%         5
 Irradiate                Conj/Alch      15%        3d16      30%         5
 Lee's Rapid Deconstruct  Erth           15%        3d10*     30%         5
 Plasma Beam              Fire/Air       32%        2x1d45    14%         6
 Dispersal                Tloc           30%        N/A       22%         6
 Conjure Ball Lightning   Conj/Air       27%        3x3d8     38%         6
 Discord                  Hex            42%        N/A       61%         8
 Death Channel            Necr           15%        N/A       86%         6
 Maxwell's Capacitive Co  Air            34%        ∞         99%         8
 Ozocubu's Refrigeration  Ice            15%        4d10      100%        7
 Disjunction              Tloc           30%        N/A       100%        8
 Ignition                 Fire           30%        3d10      100%        8
 Infestation              Necr           15%        N/A       100%        8
 Chain Lightning          Conj/Air       27%        3d36      100%        9
 Fire Storm               Conj/Fire      24%        8d6       100%        9
 Polar Vortex             Ice            15%        12d2*     100%        9
 Shatter                  Erth           15%        3d15*     100%        9
 Sublimation of Blood     Necr           Unusable   N/A       N/A         2
 Animate Armour           Summ/Erth      Unusable   N/A       N/A         4
 Dimensional Bullseye     Hex/Tloc       Unusable   N/A       N/A         4
 Animate Dead             Necr           Unusable   N/A       N/A         4
 Sculpt Simulacrum        Ice/Alch       Unusable   N/A       N/A         6

Dungeon Overview and Level Annotations

Branches:
Dungeon (15/15)            Temple (0/1) D:4            Lair (5/5) D:9
 Shoals (4/4) Lair:3       Spider (4/4) Lair:3        Slime (0/5) Lair:5
    Orc (2/2) D:9             Elf (3/3) Orc:2        Vaults (5/5) D:13
  Crypt (3/3) Vaults:2       Tomb (0/3) Crypt:3      Depths (4/4) D:15
    Zot (1/5) Depths:4    Gauntlet (visited)

Altars:
Ashenzari
Dithmenos
Elyvilon
Fedhas
Gozag
Kikubaaqudgha
Trog
Uskayaw
Vehumet
Wu Jian
Xom
Yredelemnul
Zin
The Shining One
Jiyva

Shops:
D:1 ?   D:3 =(=*   D:10 (   Orc:2 ![[(*   Elf:1 **(   Elf:3 ?!   Lair:3 ?:
Vaults:4 (   Depths:1 :==

Portals:
Hell: Depths:1 Depths:2 Depths:3 Depths:4
Abyss: Depths:3 Depths:4
Pandemonium: Depths:2 Depths:3
Ziggurat: Depths:1
Trove: Depths:2 (give 5 scrolls of fear)

Annotations:
D:8 2 transporters, ParallaxScroll's ghost, novice DrHu
Depths:1 1 runed translucent door


Innate Abilities, Weirdness & Mutations

You are a tree.
Your roots penetrate the ground, keeping you stationary.
You cannot be teleported.
You are immune to unholy pain and torment.
Your maximum health is greatly increased.
You are immune to poison.
((You have sharp claws.))
((You have razor-sharp teeth.))
You have supernaturally acute eyesight. (SInv)
((Your thick and shaggy fur keeps you warm. (AC +3, rC+)))
((Your paws help you pounce on unaware monsters.))
You are incapable of wielding weapons or throwing items.
You cannot wear armour.
You gain extra lives every three experience levels.


Message History

* * * LOW HITPOINT WARNING * * *
The golden dragon closely misses you.
The golden dragon completely misses you. [a] - 729 gold - heal wounds, berserk rage, lignification, might and resistance [b] - 322 gold - resistance and might [c] - 288 gold - invisibility and might Purchase which effect?
You feel much better.
A red film seems to cover your vision as you go berserk!
You feel yourself moving faster!
You feel mighty!
You revert to your normal fleshy form.
You turn into a tree.
Your roots penetrate the ground.
You feel very mighty all of a sudden.
You feel protected. A dragon arrives to answer your call!
You hear a roar!
The rime drake disappears in a puff of smoke!
The purple draconian is no longer distracted by gold.
The golden dragon is engulfed in blazing flames.
Flame seeps out of the golden dragon.
The golden dragon bites you!
* * * LOW HITPOINT WARNING * * *
The golden dragon claws you.
* * * LOW HITPOINT WARNING * * *
The golden dragon tramples you!!
* * * LOW HITPOINT WARNING * * *
The electric golem is engulfed in blazing flames.
The electric golem is distracted by your dazzling golden aura.
Your quicksilver dragon breathes dispelling energy at the black draconian.
The bolt of dispelling energy hits the black draconian!!
The golden dragon is engulfed in blazing flames.
Flame seeps out of the golden dragon.
Your quicksilver dragon misses the death drake.
Your quicksilver dragon claws the death drake!
The black draconian barely misses your quicksilver dragon.
The purple draconian shifter casts a spell.
The purple draconian shifter blinks!
The purple draconian hits your ice dragon with a +2 dire flail of protection!!
The golden dragon is engulfed in blazing flames.
Flame seeps out of the golden dragon.
The golden dragon bites you!!!
You die...
Your body crumbles into a pile of gold.

***,,,**d#######..#....###......#
**,,,*,#######.☼§D9### ###....#
**,,,,* ##§☼$## ##...# **,,,*
#§☼D# #..## *,,,* #☼§## *#.#
**,,* #☼§# *,#* *,>* #q## *,,*
**,* ##D# **,* *,* #♣.# *,, *,**
#.d# *,, **** *,,*****#D## ****
*,, ,,,** *,,,,,,,§q# **,,** **,,
,,,,* *,,,,,,.k.#* **,,,,** *,,,
**,,****,,,,,,.DDk***,,,,,,***,,,
**,,**,,,,,,...dk,**,,,,,,**,,**
*,,,*,,,,,,.....,*,,,,,,,,*,,**
*,,,,,,,,,,,,,,,,,,,,,,,,,,,**


You could see an electric golem (unaware), 2 golden dragons, a black draconian
(distracted, catching breath, ally target), a purple draconian, a purple
draconian shifter, a fire dragon (inner flame), a white draconian stormcaller
(ally target), 2 death drakes, a rime drake (summoned), a friendly ice dragon
(summoned) and 2 friendly quicksilver dragons.

Vanquished Creatures
  A hellephant (Depths:4)
  A quicksilver dragon (Zot:1)
  A shadow dragon (Zot:1)
  A draconian knight (Zot:1)
  A protean progenitor (Zot:1)
  A frost giant (Vaults:5)
  A ghost moth (Zot:1)
  A vault warden (Vaults:5)
  A balrug (Depths:2)
  A reaper (Depths:4)
  A spriggan defender (Depths:4)
  A vampire knight (Crypt:3)
  Nessos (D:13)
  2 spark wasps
  A red draconian (Zot:1)
  6 vault guards (D:13)
  A merfolk impaler (Shoals:3)
  A jiangshi (Crypt:2)
  A radroach (Spider:4)
  2 centaur warriors (Vaults:1)
  2 boulder beetles (Spider:4)
  A spriggan berserker (Depths:4)
  3 deep elf knights (Elf:2)
  A vampire mage (Crypt:2)
  A sun demon (Depths:2)
  A sea snake (Shoals:4)
  2 hell knights
  A glowing orange brain (shapeshifter) (Vaults:5)
  A deep troll (Vaults:1)
  2 goliath frogs (Zot:1)
  A steelbarb worm (Spider:4)
  An ironbound convoker (Vaults:1)
  A deep elf pyromancer (Elf:2)
  A necromancer (Vaults:5)
  An ugly thing (Depths:2)
  A cyclops (D:14)
  A salamander (Depths:4)
  A moth of wrath (Zot:1)
  5 fauns (Shoals:1)
  2 large abominations (D:10)
  A stone giant skeleton (Crypt:3)
  A manticore (Shoals:3)
  A cane toad (Lair:5)
  A centaur skeleton (D:7)
  A komodo dragon (Lair:1)
  A spectral naga (Crypt:2)
  A mana viper zombie (Crypt:2)
  A hellwing (D:7)
  3 nameless horrors
  A merfolk (Shoals:4)
  A centaur simulacrum (D:14)
  A water elemental (Depths:3)
  A spriggan (Lair:1)
  5 small abominations (D:10)
  A wyvern (D:11)
  3 redbacks (Spider:4)
  An acid dragon (D:9)
  A laughing skull (Crypt:3)
  An orc warrior (Orc:2)
  A centaur (D:10)
  A killer bee (D:8)
  2 electric eels (D:14)
  An orc priest (D:10)
  A jelly (shapeshifter) (Elf:2)
  A sleepcap (D:7)
  A gnoll (D:7)
  A shadow imp (D:5)
  A white imp (D:14)
  An orc (Orc:2)
  A ball python (D:2)
  A giant cockroach (D:2)
  A hobgoblin (D:2)
98 creatures vanquished.

Vanquished Creatures (collateral kills)
  A dread lich (Crypt:1)
  An ancient lich (Crypt:3)
  Mara (Shoals:4)
  4 juggernauts
  Saint Roka (Vaults:1)
  Margery (Depths:4)
  3 caustic shrikes (Depths:4)
  5 golden dragons
  Nikola (Shoals:1)
  Arachne (Spider:2)
  2 bone dragons
  A doom hound (Crypt:2)
  A Tzitzimitl (Crypt:2)
  A shard shrike zombie (Crypt:3)
  3 tentacled monstrosities
  A walking crystal tome (Depths:3)
  Asterion (Spider:1)
  5 liches
  3 walking earthen tomes
  3 quicksilver dragons
  A walking frostbound tome (Depths:3)
  3 deep elf master archers (Elf:3)
  4 titans
  6 sphinxes
  3 walking divine tomes
  3 deep elf blademasters
  3 krakens
  Frances (Shoals:1)
  An ancient champion (Crypt:2)
  3 shadow dragons
  7 storm dragons
  A daeva (Shoals:4)
  4 tengu reavers
  Agnes (Elf:2)
  A draconian monk (Zot:1)
  3 revenants
  2 protean progenitors
  5 fire giants
  A draconian shifter (Zot:1)
  4 deep elf sorcerers (Elf:3)
  3 ghost moths
  7 frost giants
  6 draconian knights
  An iron dragon (Vaults:5)
  2 draconian scorchers
  3 deep elf elementalists (Elf:3)
  3 emperor scorpions
  2 curse skulls
  11 vault wardens
  An orc warlord (Orc:2)
  A draconian stormcaller (Depths:4)
  Louise (Depths:3)
  A ghoul (Crypt:3)
  A broodmother (Spider:1)
  8 ironbound preservers
  2 caustic shrike skeletons
  2 reapers
  A draconian annihilator (Zot:1)
  2 formless jellyfish
  8 vampire knights
  16 very ugly things
  15 stone giants
  6 deep elf death magi
  9 ironbound thunderhulks
  2 green draconians (Depths:4)
  An elemental wellspring (Shoals:1)
  An apis (Shoals:4)
  A putrid mouth (Crypt:2)
  7 deep elf demonologists
  5 spark wasps
  3 purple draconians
  6 war gargoyles
  2 black draconians
  A red draconian (Zot:1)
  10 deep elf annihilators (Elf:3)
  6 yellow draconians
  10 dire elephants
  2 white draconians
  7 crystal guardians
  2 eidola
  11 merfolk impalers
  8 merfolk javelineers
  12 ettins
  12 yaktaur captains
  11 jiangshi
  A spectral spriggan (Crypt:2)
  5 deep elf high priests
  3 spriggan zombies
  16 fire dragons
  A ragged hierophant (Vaults:1)
  5 entropy weavers
  5 ice dragons
  7 great orbs of eyes
  3 rakshasas (Depths:3)
  2 hydras (Lair:4)
  A spriggan skeleton (Crypt:1)
  2 hell beasts (Crypt:2)
  20 vault guards
  4 spriggan air magi
  2 ogre magi (Vaults:5)
  A catoblepas (D:15)
  3 jorogumos (Spider:4)
  5 peacekeepers
  3 radroaches
  An alligator snapping turtle (Shoals:4)
  10 ironbound frosthearts
  2 merfolk avatars
  6 merfolk aquamancers
  11 boulder beetles
  7 centaur warriors
  3 death yaks
  Erica (D:9)
  7 two-headed ogres
  A two-headed ogre (shapeshifter) (D:15)
  A death scarab (Spider:3)
  5 spriggan berserkers
  A satyr (Shoals:2)
  10 vampire magi
  3 deep troll shamans (Depths:2)
  2 orc high priests
  3 deep troll earth magi
  48 dancing weapons
  13 demonic crawlers
  A spectral storm dragon (Crypt:2)
  7 tengu warriors
  A hell hog (Depths:1)
  A titan zombie (Crypt:3)
  An occultist (Depths:2)
  4 soul eaters
  Sonja (Lair:5)
  17 hell knights
  A titan skeleton (Crypt:3)
  2 shadow wraiths (Crypt:2)
  A skyshark (shapeshifter) (Depths:3)
  A storm dragon zombie (Crypt:1)
  7 pharaoh ants
  15 deep elf knights
  A sixfirhy (Depths:2)
  28 skeletal warriors
  2 spectral bunyips (Crypt:2)
  A golden dragon zombie (Crypt:3)
  An iron troll (Depths:1)
  4 sea snakes
  5 orb spiders
  2 spectral hydras (Crypt:2)
  3 glowing orange brains
  6 cherubim
  A storm dragon skeleton (Crypt:2)
  25 deep trolls
  9 flayed ghosts
  An anaconda zombie (Crypt:1)
  4 phantasmal warriors
  A bunyip skeleton (Crypt:3)
  11 steelbarb worms
  15 ironbound convokers
  4 lindwurms
  6 arcanists
  11 deep elf archers
  12 harpies
  A spriggan simulacrum (Crypt:2)
  7 orc knights
  A tengu zombie (Vaults:3)
  12 necromancers
  A shining eye (shapeshifter) (Depths:3)
  9 fauns
  An iron dragon zombie (Crypt:3)
  16 wolf spiders
  A spectral alligator snapping turtle (Crypt:2)
  24 deep elf pyromancers
  27 deep elf zephyrmancers
  A stone giant zombie (Crypt:3)
  2 orc sorcerers
  13 cyclopes
  2 eleionoma zombies (Crypt:1)
  31 ugly things
  A moth of wrath (Spider:4)
  5 manticores
  A spectral centaur (Crypt:2)
  11 meliai
  A naga zombie (Crypt:2)
  A salamander (Depths:1)
  21 vault sentinels
  An iron dragon skeleton (Crypt:3)
  A stone giant skeleton (Vaults:3)
  8 water nymphs
  An alligator snapping turtle zombie (Crypt:1)
  2 centaur zombies
  A dire elephant skeleton (Crypt:1)
  6 black mambas
  10 merfolk sirens
  Joseph (D:7)
  2 gargoyles
  5 torpor snails
  2 molten gargoyles (Lair:5)
  6 cane toads
  A kobold demonologist (D:11)
  A naga skeleton (Crypt:3)
  2 centaur skeletons
  A minotaur zombie (Crypt:2)
  11 komodo dragons
  4 freezing wraiths
  A tormentor (Crypt:2)
  5 rime drakes (Lair:3)
  An efreet (D:14)
  11 yaktaurs
  4 tengu conjurers
  A catoblepas skeleton (Crypt:1)
  26 merfolk
  2 harpy zombies
  A spectral harpy (Crypt:2)
  A human zombie (Vaults:3)
  6 trolls
  A polar bear (shapeshifter) (D:14)
  2 wind drakes
  2 hydra skeletons
  A harpy skeleton (Crypt:3)
  2 polar bears
  An ettin zombie (Crypt:3)
  10 blink frogs
  14 dream sheep
  A glass eye (Depths:2)
  9 saltlings
  19 tarantellas
  2 hornets (Depths:4)
  A human skeleton (Vaults:3)
  4 snapping turtles
  2 centaur simulacra (D:14)
  20 jumping spiders
  A wind drake zombie (Crypt:1)
  20 slime creatures
  4 air elementals
  A vampire (D:11)
  11 culicivoras
  7 wraiths
  A shadow (D:12)
  24 water elementals
  A naga simulacrum (Crypt:2)
  A yak (shapeshifter) (D:13)
  7 spriggans
  22 nameless horrors
  A black mamba skeleton (Crypt:2)
  43 yaks
  5 fire elementals
  10 wyverns
  11 basilisks
  A human (shapeshifter) (Elf:2)
  4 wargs
  49 redbacks
  6 steam dragons
  A harpy simulacrum (Crypt:2)
  7 vampire mosquitoes
  A deep troll zombie (Crypt:1)
  12 water moccasins
  6 hell hounds
  3 acid dragons
  A faun skeleton (Crypt:2)
  21 orc warriors
  2 sky beasts (D:6)
  4 ice beasts
  An ettin simulacrum (Crypt:1)
  3 black bears
  27 laughing skulls
  4 ogres
  8 centaurs
  5 wolves
  A blink frog skeleton (Crypt:2)
  A phantom (D:4)
  5 bullfrogs
  3 kobold brigands
  An earth elemental (Elf:1)
  A small abomination (D:10)
  An elf skeleton (Crypt:1)
  A necrophage (Crypt:3)
  3 scorpions
  A wight (D:7)
  A troll zombie (Crypt:1)
  Dowan (D:5)
  8 killer bees
  A yak skeleton (Crypt:1)
  2 jellies (D:6)
  5 lava snakes (Lair:5)
  A wolf skeleton (Crypt:1)
  3 hounds
  14 orc priests
  2 bombardier beetles
  A sleepcap (D:7)
  Terence (D:2)
  2 iguanas
  13 orc wizards
  2 hell rats (Lair:3)
  An acid dragon zombie (Crypt:1)
  An acid dragon skeleton (Crypt:1)
  A howler monkey skeleton (Crypt:2)
  9 gnolls
  2 adders
  5 shadow imps (D:7)
  3 white imps (D:14)
  2 ufetubi (D:6)
  4 dart slugs
  53 orcs
  4 ball pythons
  3 endoplasms
  A giant cockroach (D:3)
  A goblin (D:2)
  4 hobgoblins
  10 jackals
  20 kobolds
  A quokka (D:2)
  3 bats
  3 frilled lizards (D:1)
  A goblin skeleton (Crypt:2)
  5 rats
  A river rat skeleton (Crypt:2)
  2 aspiring fleshes (Depths:4)
  2 spectral weapons (Spider:1)
  10 tentacles
1735 creatures vanquished.

Vanquished Creatures (others)
  A dread lich (Vaults:5)
  Bai Suzhen (Shoals:3)
  A tentacled monstrosity (Vaults:5)
  A lich (Vaults:5)
  A storm dragon (Depths:3)
  2 tengu reavers (Vaults:5)
  2 frost giants
  A shadow dragon (Vaults:5)
  2 vault wardens (Vaults:5)
  An ironbound preserver (Vaults:5)
  2 very ugly things (Vaults:5)
  2 stone giants (Vaults:5)
  A green draconian (Zot:1)
  A deep elf death mage (Vaults:5)
  A deep elf annihilator (Vaults:5)
  A war gargoyle (Vaults:5)
  A deep elf demonologist (Vaults:5)
  2 deep elf high priests (Vaults:5)
  17 vault guards (Vaults:5)
  2 yaktaur captains (Vaults:5)
  Harold (Lair:1)
  A two-headed ogre (D:9)
  A skyshark (Lair:4)
  A glowing orange brain (Depths:3)
  A deep elf zephyrmancer (Elf:1)
  A phantasmal warrior (Vaults:5)
  An ironbound convoker (Vaults:5)
  A cyclops (D:13)
  An orc knight (Orc:2)
  A manticore (Lair:3)
  3 ugly things (Vaults:5)
  A moth of wrath (Zot:1)
  An elephant (shapeshifter) (Vaults:5)
  4 black mambas
  3 large abominations (D:10)
  A centaur zombie (D:7)
  3 vault sentinels (Vaults:5)
  2 komodo dragons
  A cane toad (Lair:2)
  A kobold demonologist (D:11)
  4 rime drakes
  A polar bear (Lair:1)
  A hornet (Vaults:5)
  5 wyverns
  17 yaks
  6 basilisks
  A small abomination (D:10)
  Duvessa (D:5)
  2 water moccasins
  An orc warrior (D:9)
  A black bear (D:6)
  An ogre (Vaults:5)
  4 wolves (Lair:2)
  2 kobold brigands (D:11)
  A scorpion (D:9)
  A bullfrog (Lair:2)
  3 wights (D:7)
  A killer bee (D:8)
  Crazy Yiuf (D:3)
  An orc wizard (D:9)
  A hell rat (Lair:3)
  3 orcs
  A kobold (D:8)
  A blazeheart core (Orc:2)
  21 snaplasher vines
  27 tentacles
182 creatures vanquished.

Grand Total: 2015 creatures vanquished

Notes
Turn   | Place    | Note
-------+----------+-------------------------------------------
     0 | D:1      | croobank the Felid Summoner began the quest for the Orb.
     0 | D:1      | Reached XP level 1. HP: 9/9 MP: 4/4
   198 | D:1      | Reached XP level 2. HP: 13/13 MP: 6/6
   204 | D:1      | Learned a level 2 spell: Call Imp
   271 | D:1      | Found Ampeofok's Magic Scroll Shoppe.
   316 | D:1      | Bought a scroll of noise for 11 gold pieces
   886 | D:2      | Reached XP level 3. HP: 17/17 MP: 2/7
   890 | D:2      | Learned a level 3 spell: Call Canine Familiar
   931 | D:2      | Noticed Terence
   952 | D:2      | Killed Terence
   953 | D:2      | Reached skill level 1 in Fighting
  1105 | D:2      | Reached XP level 4. HP: 22/22 MP: 0/8
  1787 | D:2      | Found an opulent altar of Gozag.
  1795 | D:2      | Became a worshipper of Gozag Ym Sagoz the Greedy
  2199 | D:3      | Reached XP level 5. HP: 26/26 MP: 5/10
  2203 | D:3      | Learned a level 4 spell: Summon Blazeheart Golem
  2235 | D:3      | Found Fyaf's Antique Weapon Shop.
  2490 | D:3      | Found a bloodstained altar of Trog.
  2614 | D:3      | Found a runed translucent door.
  2615 | D:3      | Noticed Crazy Yiuf
  2632 | D:3      | Killed Crazy Yiuf
  2814 | D:3      | Found Zudu's Jewellery Boutique.
  2881 | D:3      | Identified the +1 cloak of the Moon Troll {rC+}
  2930 | D:3      | Found Xauninn's Assorted Antiques.
  2932 | D:3      | Found Qaogenaer's Magic Scroll Emporium.
  2947 | D:3      | Bought a scroll of identify for 28 gold pieces
  2947 | D:3      | Bought a scroll of identify for 28 gold pieces
  2947 | D:3      | Bought a scroll of identify for 28 gold pieces
  2947 | D:3      | Bought a scroll of teleportation for 42 gold pieces
  2983 | D:1      | Bought a scroll of identify for 22 gold pieces
  2983 | D:1      | Bought a scroll of identify for 22 gold pieces
  2983 | D:1      | Bought a scroll of identify for 22 gold pieces
  2983 | D:1      | Bought a scroll of identify for 22 gold pieces
  3151 | D:3      | Bought a ruby potion for 19 gold pieces
  3151 | D:3      | Bought a ruby potion for 19 gold pieces
  3161 | D:3      | Found Riduchei's Jewellery Shoppe.
  3353 | D:4      | Found a hide-covered altar of Uskayaw.
  3353 | D:4      | Found a radiant altar of Vehumet.
  3457 | D:4      | Gained mutation: You are covered in thick fur. (AC +2)
                  | [Felid growth]
  3457 | D:4      | Reached XP level 6. HP: 30/30 MP: 7/11
  3603 | D:4      | Found a staircase to the Ecumenical Temple.
  3662 | D:4      | Reached skill level 5 in Stealth
  3662 | D:4      | Reached skill level 5 in Summonings
  4042 | D:4      | Found a shadowy altar of Dithmenos.
  4131 | D:5      | Entered Level 5 of the Dungeon
  4148 | D:5      | Noticed a water moccasin
  4168 | D:5      | Killed a water moccasin
  4169 | D:5      | Reached skill level 5 in Dodging
  4169 | D:5      | Reached XP level 7. HP: 36/36 MP: 4/13
  4263 | D:5      | Learned a level 4 spell: Summon Lightning Spire
  4270 | D:5      | Noticed Dowan
  4278 | D:5      | Killed Dowan
  4388 | D:5      | Noticed Duvessa
  4417 | D:5      | Killed Duvessa
  4418 | D:5      | Reached skill level 1 in Hexes
  4822 | D:5      | Noticed a steam dragon
  4832 | D:5      | Killed a steam dragon
  4833 | D:5      | Reached skill level 1 in Air Magic
  5319 | D:6      | Reached XP level 8. HP: 41/41 MP: 4/15
  6098 | D:6      | Reached skill level 6 in Summonings
  6794 | D:7      | Noticed Joseph
  6870 | D:7      | Killed Joseph
  6871 | D:7      | Reached XP level 9. HP: 32/46 MP: 8/17
  6896 | D:6      | Reached skill level 5 in Hexes
  7363 | D:7      | Reached skill level 5 in Spellcasting
  7588 | D:3      | Bought the ring of Itymm {Will+ Str+4 Dex+2 Stlth-} for 518
                  | gold pieces
  7776 | D:7      | Noticed a hellwing
  7795 | D:7      | Reached skill level 5 in Fighting
  7971 | D:7      | Killed a hellwing
  7972 | D:7      | Reached skill level 7 in Summonings
  7973 | D:7      | Reached XP level 10. HP: 21/53 MP: 9/19
  8250 | D:7      | Identified the +1 dagger "Quepp" {drain, Int+6}
  8611 | D:8      | Found a transporter.
  8613 | D:8      | Noticed ParallaxScroll's ghost (novice DrHu)
  8777 | D:8      | Identified the ring "Hampas" {rPois rC+++ rCorr Stlth+}
  8974 | D:8      | Found a transporter.
  9018 | D:8      | Found a shimmering altar of Xom.
  9147 | D:8      | Found a broken altar of Ashenzari.
  9806 | D:9      | Found a staircase to the Lair.
  9907 | D:9      | Reached skill level 10 in Stealth
  9907 | D:9      | Reached skill level 5 in Air Magic
 10240 | D:9      | Noticed Erica
 10251 | D:9      | Killed Erica
 10252 | D:9      | Reached skill level 8 in Summonings
 10252 | D:9      | Reached XP level 11. HP: 58/58 MP: 10/22
 10450 | D:3      | Upgraded the game from 0.31-a0-1388-g4b2ba238e7 to
                  | 0.31-a0-1405-g2bb1a01664
 10450 | D:3      | Bought an amulet of reflection for 360 gold pieces
 10567 | D:9      | Noticed a two-headed ogre
 10587 | D:9      | Killed a two-headed ogre
 10668 | D:9      | Found a staircase to the Orcish Mines.
 11024 | D:10     | Entered Level 10 of the Dungeon
 11398 | D:10     | You fall into a shaft and drop 2 floors!
 11428 | D:12     | Noticed a two-headed ogre
 11463 | D:11     | Found a gate leading to a gauntlet.
 11472 | Gauntlet | Entered a Gauntlet
 11472 | Gauntlet | Noticed a ghost crab
 11472 | Gauntlet | Found a transporter.
 11472 | Gauntlet | Found a transporter.
 11472 | Gauntlet | Found a transporter.
 11472 | Gauntlet | Found a transporter.
 11487 | Gauntlet | Found a transporter.
 11491 | Gauntlet | Found a transporter.
 11496 | Gauntlet | Found a transporter.
 11497 | Gauntlet | Found a transporter.
 11532 | Gauntlet | Noticed a necromancer
 11573 | Gauntlet | Found a transporter.
 11594 | Gauntlet | Found a transporter.
 11669 | Gauntlet | Found a transporter.
 11674 | Gauntlet | Found a transporter.
 11829 | D:11     | Noticed a boulder beetle
 11839 | D:11     | Killed a boulder beetle
 11953 | D:11     | Noticed a sixfirhy
 12577 | D:10     | Got Codip's Teachings on Transmuted Malediction
 12583 | D:10     | Identified 2 scrolls of acquirement
 12584 | D:10     | Acquired the amulet "Kalunips" {RegenMP rElec}
 12836 | D:10     | Found Fedeno's Antique Weapon Boutique.
 13016 | D:10     | Identified the +5 ring mail "Xoqidi" {rF+ rC- rCorr Str+3}
 13188 | D:10     | Learned a level 5 spell: Summon Mana Viper
 13245 | D:10     | Noticed an arcanist
 13251 | D:10     | Killed an arcanist
 13325 | D:10     | Noticed a large abomination
 13346 | D:10     | Killed a large abomination
 13347 | D:10     | Reached skill level 9 in Summonings
 13671 | D:10     | Identified the ring of Circularity {Will- EV+5 Str+5 Int+2
                  | Stlth-}
 14212 | Lair:1   | Entered Level 1 of the Lair of Beasts
 14221 | Lair:1   | Gained mutation: Your thick and shaggy fur keeps you warm.
                  | (AC +3, rC+) [Felid growth]
 14221 | Lair:1   | Reached XP level 12. HP: 65/65 MP: 13/25
 14443 | Lair:1   | Upgraded the game from 0.31-a0-1405-g2bb1a01664 to
                  | 0.31-a0-1424-g2add1c7226
 14680 | Lair:1   | Noticed Harold
 14697 | Lair:1   | Killed Harold
 14861 | Lair:1   | Reached skill level 10 in Summonings
 16928 | Lair:2   | Identified the +2 battleaxe of Doom {drain, rElec rF++
                  | Str+2}
 17157 | Lair:3   | Reached skill level 10 in Fighting
 17354 | Lair:3   | Found a hole to the Spider Nest.
 17390 | Lair:3   | Reached XP level 13. HP: 60/72 MP: 22/27
 17772 | Lair:3   | Found a staircase to the Shoals.
 17800 | Lair:3   | Slain by a snapping turtle
 17800 | Lair:3   | Lost a life (1 life remaining)
 18104 | Lair:3   | Reached skill level 10 in Spellcasting
 18112 | Lair:3   | Reached skill level 15 in Stealth
 18582 | Lair:3   | Found a glowing golden altar of the Shining One.
 19147 | Lair:4   | Learned a level 5 spell: Summon Forest
 19154 | Lair:4   | Learned a level 6 spell: Summon Cactus Giant
 19296 | Lair:4   | Reached skill level 1 in Translocations
 21189 | Lair:5   | Entered Level 5 of the Lair of Beasts
 21271 | Lair:5   | Noticed Sonja
 21280 | Lair:5   | Killed Sonja
 21763 | Lair:5   | Found a viscous altar of Jiyva.
 21810 | Lair:5   | Found a staircase to the Slime Pits.
 21896 | Lair:5   | Reached skill level 10 in Dodging
 22161 | Lair:5   | Reached skill level 5 in Translocations
 22357 | Lair:5   | Reached XP level 14. HP: 61/79 MP: 12/29
 22357 | Lair:5   | Gained a life (2 lives remaining)
 22524 | Lair:5   | Found a large runed translucent door.
 22526 | Lair:5   | Found a large runed translucent door.
 24104 | D:12     | Reached skill level 11 in Summonings
 25703 | Orc:1    | Entered Level 1 of the Orcish Mines
 25992 | Orc:1    | Killed from afar by a fire dragon
 25992 | Orc:1    | Lost a life (1 life remaining)
 26255 | Orc:2    | Entered Level 2 of the Orcish Mines
 26986 | Orc:2    | Found a staircase to the Elven Halls.
 27052 | Orc:2    | Upgraded the game from 0.31-a0-1424-g2add1c7226 to
                  | 0.31-a0-1447-g87ca8d402b
 27236 | Orc:2    | Found Dyfuc's General Store.
 27803 | Orc:2    | Noticed an orc warlord
 27817 | Orc:2    | Killed an orc warlord
 28732 | Orc:2    | Found Bifez's Distillery.
 28741 | Orc:2    | Upgraded the game from 0.31-a0-1447-g87ca8d402b to
                  | 0.31-a0-1469-gd420192249
 28741 | Orc:2    | Bought a potion of heal wounds for 65 gold pieces
 28741 | Orc:2    | Bought a potion of heal wounds for 65 gold pieces
 28741 | Orc:2    | Bought a potion of brilliance for 52 gold pieces
 28741 | Orc:2    | Bought a potion of berserk rage for 65 gold pieces
 28741 | Orc:2    | Bought a potion of brilliance for 52 gold pieces
 28806 | Orc:2    | Found Viufaebo's Antique Armour Boutique.
 28809 | Orc:2    | Found Mafreng's Armour Boutique.
 28835 | Orc:2    | Found Necidwig's Weapon Emporium.
 28971 | Orc:2    | Bought a wand of quicksilver (4) for 201 gold pieces
 28971 | Orc:2    | Bought a potion of cancellation for 96 gold pieces
 28971 | Orc:2    | Bought a potion of cancellation for 96 gold pieces
 28972 | Orc:2    | Bought a potion of enlightenment for 60 gold pieces
 29237 | D:13     | Reached skill level 12 in Summonings
 29237 | D:13     | Reached XP level 15. HP: 85/85 MP: 29/31
 29237 | D:13     | Gained a life (2 lives remaining)
 29666 | D:13     | Noticed Nessos
 29670 | D:13     | Reached skill level 1 in Fire Magic
 29676 | D:13     | Killed Nessos
 29967 | D:13     | Found a gate to the Vaults.
 30929 | D:3      | Bought a scroll of immolation for 56 gold pieces
 30929 | D:3      | Bought a scroll of fear for 56 gold pieces
 30929 | D:3      | Bought a scroll of revelation for 105 gold pieces
 30929 | D:3      | Bought a scroll of blinking for 105 gold pieces
 30929 | D:3      | Bought a scroll of teleportation for 42 gold pieces
 30929 | D:3      | Bought a scroll of blinking for 105 gold pieces
 31420 | D:14     | Reached XP level 16. HP: 90/91 MP: 16/32
 32681 | D:14     | Identified the +11 falchion of Watchfulness {heavy, rPois
                  | Dex+3}
 32758 | D:15     | Entered Level 15 of the Dungeon
 34075 | D:15     | Reached skill level 13 in Summonings
 34242 | D:15     | Found a staircase to the Depths.
 34742 | Lair:3   | Bought a scroll of blinking for 105 gold pieces
 34742 | Lair:3   | Bought a scroll of immolation for 56 gold pieces
 34742 | Lair:3   | Bought a scroll of blinking for 105 gold pieces
 34742 | Lair:3   | Bought a scroll of fear for 56 gold pieces
 34752 | Lair:3   | Learned a level 7 spell: Summon Hydra
 34759 | Spider:1 | Entered Level 1 of the Spider Nest
 36058 | Spider:1 | Noticed Asterion
 36073 | Spider:1 | Killed Asterion
 36340 | Spider:1 | Reached skill level 5 in Fire Magic
 38615 | Spider:2 | Noticed Arachne
 38628 | Spider:2 | Killed Arachne
 38979 | Spider:2 | Reached XP level 17. HP: 97/97 MP: 11/34
 40221 | Spider:3 | Reached skill level 15 in Dodging
 40360 | Spider:3 | Reached skill level 14 in Summonings
 42628 | Spider:4 | Entered Level 4 of the Spider Nest
 43099 | Spider:3 | Acquired 873 gold pieces
 43101 | Spider:3 | Acquired the Secrets of the Igneous Morgue
 43108 | Spider:3 | Learned a level 4 spell: Martyr's Knell
 43968 | Spider:4 | Slain by a demonic crawler
 43968 | Spider:4 | Lost a life (1 life remaining)
 44519 | Spider:4 | Reached skill level 15 in Fighting
 46303 | Spider:4 | Got a gossamer rune of Zot
 46855 | Shoals:1 | Entered Level 1 of the Shoals
 46855 | Shoals:1 | Noticed Nikola
 46884 | Shoals:1 | Killed Nikola
 46965 | Shoals:1 | Noticed Frances
 46971 | Shoals:1 | Killed Frances
 47187 | Shoals:1 | Reached skill level 15 in Summonings
 47402 | Shoals:1 | Noticed a kraken
 47413 | Shoals:1 | Killed a kraken
 48029 | Shoals:1 | Reached XP level 18. HP: 62/104 MP: 21/37
 48029 | Shoals:1 | Gained a life (2 lives remaining)
 48156 | Shoals:1 | Killed from afar by a water nymph
 48156 | Shoals:1 | Lost a life (1 life remaining)
 49726 | Shoals:2 | You fall into a shaft and drop 1 floor!
 49895 | Shoals:3 | Acquired a manual of Summonings
 49922 | Shoals:3 | Noticed Bai Suzhen
 49947 | Shoals:3 | Killed Bai Suzhen
 51825 | Shoals:4 | Entered Level 4 of the Shoals
 52657 | Shoals:4 | Reached skill level 16 in Summonings
 52659 | Shoals:4 | Reached skill level 15 in Spellcasting
 52877 | Shoals:4 | Noticed Mara
 53898 | Shoals:4 | Noticed croobank's illusion
 54526 | Shoals:3 | HP: 5/104 [merfolk javelineer/silver javelin (2)]
 55495 | Shoals:4 | Killed Mara
 56668 | Shoals:3 | Reached skill level 17 in Summonings
 58093 | Shoals:4 | Identified the +9 trident "Spiderbane" {elec, rN+ Str-4
                  | Int+3}
 58691 | Shoals:4 | Learned a level 9 spell: Dragon's Call
 58725 | Shoals:4 | Found a glowing silver altar of Zin.
 58913 | Shoals:4 | Identified the +8 flail "Oqis" {drain, Dex+3}
 59233 | Shoals:4 | Found a white marble altar of Elyvilon.
 59238 | Shoals:4 | Found the +1 cloak of Starlight {*Dazzle EV+4 Stlth--}
 59247 | Shoals:4 | Got a barnacled rune of Zot
 59314 | Shoals:4 | Found a glowing golden altar of the Shining One.
 59588 | Elf:1    | Entered Level 1 of the Elven Halls
 59697 | Elf:1    | Mangled by a +2 battleaxe of distortion
 59697 | Elf:1    | Lost a life (0 lives remaining)
 59731 | Elf:1    | Reached skill level 18 in Summonings
 59734 | Elf:1    | Reached XP level 19. HP: 96/108 MP: 31/39
 59734 | Elf:1    | Gained a life (1 life remaining)
 60188 | Elf:1    | Found Alerr's General Store.
 60190 | Elf:1    | Found Ded Quecs's Specific Store.
 61007 | Elf:1    | Found Los Dailua's Weapon Emporium.
 61891 | Elf:2    | Identified the +1 ring mail of Tikul {rN+ Will+}
 62190 | Elf:2    | Reached skill level 19 in Summonings
 62367 | Elf:2    | Found a runed translucent gate.
 62367 | Elf:2    | Found a runed translucent gate.
 62367 | Elf:2    | Found a runed translucent gate.
 62570 | Elf:2    | Noticed Agnes
 62577 | Elf:2    | Killed Agnes
 63840 | Elf:3    | Entered Level 3 of the Elven Halls
 64512 | Elf:3    | Found Onuip's Magic Scroll Emporium.
 64548 | Elf:3    | Bought a scroll of teleportation for 42 gold pieces
 64548 | Elf:3    | Bought a scroll of teleportation for 42 gold pieces
 64548 | Elf:3    | Bought a scroll of blinking for 105 gold pieces
 64548 | Elf:3    | Bought a scroll of silence for 133 gold pieces
 64548 | Elf:3    | Bought 3 scrolls of teleportation for 126 gold pieces
 64890 | Elf:3    | Found Teran's Distillery.
 65106 | Elf:3    | Identified the +12 battleaxe "Ruruhisue" {heavy, rF- Str+5
                  | SInv}
 65125 | Elf:3    | Identified the ring of the Invisible Knaves {rC+ rN+ Dex-3
                  | SInv Stlth+}
 66449 | Elf:3    | Identified the +9 battleaxe of Distraction {flame, *Corrode
                  | rPois rC++ Will+}
 66451 | Elf:3    | Reached XP level 20. HP: 113/113 MP: 7/41
 66451 | Elf:3    | Gained a life (2 lives remaining)
 66546 | Elf:3    | Identified the +2 plate armour of Insurance {Dex+3 Slay+5}
 67282 | Elf:3    | Identified the +4 short sword "Ubbiel" {flame, rC+ rCorr}
 67358 | Elf:3    | Identified the +3 battleaxe of Wixt {flame, Str+4}
 67902 | Vaults:1 | Entered Level 1 of the Vaults
 67907 | Vaults:1 | Reached skill level 20 in Summonings
 68214 | Vaults:1 | Noticed Saint Roka
 68221 | Vaults:1 | Killed from afar by Saint Roka
 68221 | Vaults:1 | Lost a life (1 life remaining)
 68439 | Vaults:1 | Found the +3 pair of gauntlets of War {Slay+5}
 68493 | Vaults:1 | Killed Saint Roka
 69280 | D:3      | Bought the ring "Cataysal" {rC+ Int+6} for 600 gold pieces
 71378 | Vaults:2 | Reached skill level 21 in Summonings
 71889 | Vaults:2 | Found a staircase to the Crypt.
 73480 | Vaults:3 | Reached skill level 22 in Summonings
 73705 | Vaults:3 | Reached XP level 21. HP: 117/117 MP: 24/43
 75538 | Vaults:4 | Reached skill level 23 in Summonings
 76509 | Vaults:4 | Found Eliufrah's Weapon Emporium.
 76906 | Lair:5   | Learned a level 7 spell: Enfeeble
 76983 | Lair:3   | Bought a scroll of amnesia for 56 gold pieces
 76992 | Lair:3   | Learned a level 7 spell: Haunt
 77144 | Lair:3   | Bought a scroll of amnesia for 56 gold pieces
 77150 | Lair:3   | Learned a level 4 spell: Dispel Undead
 77356 | Elf:3    | Bought a scroll of amnesia for 56 gold pieces
 77723 | Crypt:1  | Entered Level 1 of the Crypt
 77728 | Crypt:1  | Reached skill level 1 in Shapeshifting
 78440 | Crypt:1  | Reached skill level 5 in Shapeshifting
 78676 | Crypt:1  | Noticed a dread lich
 78689 | Crypt:1  | Killed a dread lich
 79037 | Crypt:1  | Found the +6 Majin-Bo {spellvamp, MP+6 Int+6}
 79650 | Crypt:2  | HP: 4/109 [bone dragon[a doom hound] (12)]
 79972 | Crypt:2  | Reached XP level 22. HP: 119/122 MP: 31/44
 79972 | Crypt:2  | Gained a life (2 lives remaining)
 80095 | Crypt:2  | Found an ancient bone altar of Kikubaaqudgha.
 80440 | Depths:1 | Entered Level 1 of the Depths
 80450 | Depths:1 | Found Atihoeq's Jewellery Shoppe.
 80451 | Depths:1 | Found Hipizut's Book Boutique.
 80452 | Depths:1 | Found Wioc's Jewellery Shoppe.
 80885 | Depths:1 | Found a runed translucent door.
 81016 | Depths:1 | Found a one-way gateway to a ziggurat.
 81168 | Depths:1 | Found an ornate altar of the Wu Jian Council.
 81332 | Depths:1 | Found a gateway to Hell.
 81694 | Depths:2 | Reached skill level 10 in Hexes
 81813 | Depths:2 | Found a portal to a secret trove of treasure.
 81843 | Depths:2 | HP: 5/122 [spriggan air mage/the air (16)]
 81844 | Depths:2 | Killed from afar by a spriggan air mage
 81844 | Depths:2 | Lost a life (1 life remaining)
 81967 | Depths:2 | Found a glowing golden altar of the Shining One.
 82073 | Depths:2 | Noticed a juggernaut
 82079 | Depths:2 | Killed a juggernaut
 82090 | Depths:2 | Reached skill level 10 in Shapeshifting
 82098 | Depths:2 | Killed from afar by a fire dragon
 82098 | Depths:2 | Lost a life (0 lives remaining)
 82974 | Crypt:2  | Identified the +7 arbalest of Ravage {drain, rC+ Will+}
 82974 | Crypt:2  | Identified the +8 shadow dragon scales "Orchif" {Fly Will+
                  | Int-2 Dex+6 Stlth++++}
 83523 | Crypt:2  | Found a basalt altar of Yredelemnul.
 83545 | Crypt:2  | Identified the +0 tower shield of Osoenar {Rampage rF-
                  | Dex+4}
 83704 | Crypt:3  | Entered Level 3 of the Crypt
 84555 | Crypt:3  | Noticed an ancient lich
 84556 | Crypt:3  | Found an ancient bone altar of Kikubaaqudgha.
 84561 | Crypt:3  | Killed an ancient lich
 85031 | Crypt:3  | Found a staircase to the Tomb.
 85913 | Depths:2 | Reached XP level 23. HP: 126/126 MP: 28/45
 85914 | Depths:2 | Found a one-way gate leading to the halls of Pandemonium.
 86215 | Depths:2 | Identified the ring "Patu" {Fly rN+ Stlth+}
 86239 | Depths:2 | Noticed a juggernaut
 86253 | Depths:2 | Killed a juggernaut
 86981 | Depths:2 | Noticed a juggernaut
 86992 | Depths:2 | Killed a juggernaut
 87451 | Depths:3 | Found a one-way gate to the infinite horrors of the Abyss.
 87451 | Depths:3 | Noticed Louise
 87457 | Depths:3 | Killed Louise
 87472 | Depths:3 | Reached skill level 15 in Shapeshifting
 87610 | Depths:3 | Found a blossoming altar of Fedhas.
 87793 | Depths:3 | Learned a level 2 spell: Blink
 89382 | Depths:4 | Entered Level 4 of the Depths
 89637 | Depths:4 | Noticed a caustic shrike
 89637 | Depths:4 | Noticed a caustic shrike
 89640 | Depths:4 | Noticed a caustic shrike
 89642 | Depths:4 | Killed a caustic shrike
 89761 | Depths:4 | Noticed a juggernaut
 89766 | Depths:4 | Killed a caustic shrike
 89768 | Depths:4 | Killed a caustic shrike
 89770 | Depths:4 | Killed a juggernaut
 89780 | Depths:4 | Noticed Margery
 89791 | Depths:4 | Killed Margery
 89801 | Depths:4 | Reached XP level 24. HP: 131/131 MP: 5/45
 89865 | Depths:4 | Found a gate to the Realm of Zot.
 89909 | Depths:4 | Found a flickering gateway to a bazaar.
 89930 | Bazaar   | Entered a bazaar
 90002 | Bazaar   | Found Ofuhas's Jewellery Shop.
 90002 | Bazaar   | Found Guvaew's Armour Boutique.
 90060 | Bazaar   | Found Iterenuh's Assorted Antiques.
 90060 | Bazaar   | Found Cautur's Book Boutique.
 90068 | Bazaar   | Bought a scroll of teleportation for 78 gold pieces
 90068 | Bazaar   | Bought a wand of quicksilver (7) for 764 gold pieces
 90068 | Bazaar   | Bought a scroll of blinking for 195 gold pieces
 91095 | Depths:4 | Found a glowing silver altar of Zin.
 91377 | Vaults:5 | Entered Level 5 of the Vaults
 91926 | Vaults:5 | Got a silver rune of Zot
 91929 | Vaults:5 | Identified the +1 flail "Unium" {venom, Str+4 Int+7}
 91949 | Vaults:5 | Noticed a dread lich
 92010 | Vaults:5 | Identified the +2 great mace "Lijeweg" {flame, +Blink
                  | Int+6}
 92033 | Vaults:5 | Identified the +6 plate armour of Magic {*Corrode Dex+10}
 92402 | Vaults:5 | Got Nuomi's Grimoire of the Jaunt and Fog
 92448 | Vaults:5 | Identified the +7 quarterstaff of the Thing {flame, rPois
                  | rF+}
 92497 | Vaults:5 | Killed a dread lich
 92723 | Vaults:5 | Identified the +1 pair of gloves of Dishonour {rC+ Regen+
                  | Dex-4 SInv}
 93390 | Zot:1    | Entered Level 1 of the Realm of Zot
 94733 | Zot:1    | HP: 7/170 [purple draconian shifter/bolt of dispelling
                  | energy[a white draconian stormcaller] (29)]
 94734 | Zot:1    | HP: 2/170 [golden dragon (20)]
 94735 | Zot:1    | Mangled by a golden dragon

Illustrated notes

Levels and vault maps discovered:
D:1:      dpeg_arrival_yet_another_circle, layout_rooms, serial_shops, shop,
          nrook_campfire
D:2:      minmay_chambers_of_twos, layout_rooms, basic_altar,
          kennysheep_small_spiral, uniq_terence
D:3:      layout_rooms, mainiacjoe_overflow_brackets, serial_shops,
          nicolae_shop_overgrown_old_shop, nicolae_shop_advertising_works
          [nicolae_subvault_shop_adworks], shop, shop,
          nicolae_shop_hallway_plus, uniq_crazy_yiuf_cottage
D:4:      layout_rooms, nicolae_dithmenos_the_darkroom,
          gammafunk_temple_overflow_statue, minmay_temple_entry_offerings
D:5:      layout_gridville, uniq_duvessa
D:6:      layout_basic, palyth_stone_intersect, kennysheep_small_circle
D:7:      cheibrodos_grave_circle, layout_rooms, uniq_joseph
D:8:      layout_cave_pools, xom_butterflies, evilmike_ruin_ashenzari,
          gammafunk_ghost_stat_death
D:9:      layout_basic, minmay_lair_entry_grove, orc_0_dummy, uniq_erica
D:10:     layout_basic, serial_shops, kennysheep_mini_moat,
          chequers_serial_rivers_micro_a, laboratory
D:11:     layout_roguey, gauntlet_entry_generic
D:12:     layout_basic
D:13:     layout_cave_pools, erik_vaults_2, uniq_nessos
D:14:     layout_rooms, serial_ice, serial_ice_m, serial_ice_h, serial_ice_e,
          serial_ice_j, serial_ice_f, serial_ice_n
D:15:     gammafunk_enter_depths_forms, layout_loops_ring, serial_park_tiny_2,
          serial_park_tiny_pond, chequers_serial_rivers_marsh
Lair:1:   layout_hall_layers, minmay_hedge_maze, serial_bayou_pond_e,
          wad_woods_01, uniq_harold
Lair:2:   layout_cave_pods, grunt_megastairs_3
Lair:3:   layout_cave_pods, minmay_shoals_entry_hut, spider_nest_entry_rubble,
          special_room [special_room_mythical_zoo], lemuel_centaur_altar
Lair:4:   layout_cave_pods, serial_bayou_pond_c
Lair:5:   cheibrodos_lair_end_hotspot, layout_hall_layers,
          dpeg_slime_entry_corner, uniq_sonja
Shoals:1: layout_shoals, nicolae_shoals_spring_well_temple, uniq_nikola,
          uniq_frances
Shoals:2: cheibrodos_shoals_oceanic_diplomacy, layout_shoals,
          nicolae_shoals_water_shrine
Shoals:3: layout_shoals, nicolae_shoals_water_elemental_grotto, uniq_bai_suzhen
Shoals:4: shoals_end_hellmonk_holy_island, serial_shops, uniq_mara
Spider:1: layout_spider_delve, hangedman_spider_tarantella_strand, uniq_asterion
Spider:2: layout_chambers, nicolae_spider_cling_halls, uniq_arachne
Spider:3: layout_spider_delve
Spider:4: hellmonk_spider_rune_bug_friends, drop_trap,
          nicolae_spider_webs_and_nodes
Orc:1:    layout_diamond_mine, serial_shops, nicolae_shop_behind_doors,
          hellmonk_talismancer
Orc:2:    hellmonk_orc_salted, layout_caves, serial_shops, shop
Elf:1:    minmay_elf_arrival_plus, layout_loops_cross, serial_shops,
          nicolae_shop_bloodbath_and_beyond, nicolae_elf_crossing_hall,
          nicolae_specific_store
Elf:2:    elven_hall_of_blades_hangedman_original [nicolae_blade_little_rooms],
          layout_geoelf_octagon, feat_on_display, uniq_agnes
Elf:3:    minmay_elf_hall_furrowed, layout_rooms, serial_shops, shop,
          nicolae_shop_temple_entry_statues_fountains, grunt_megastairs_1
Vaults:1: portal_desolation_entry_salt, nicolae_vaults_double_plus_1,
          nicolae_vaults_little_squares_5, st_lattice, ontoclasm_vaults_gateway,
          vaults_dpeg_hooks, layout_vaults_omnigrid, uniq_saint_roka
Vaults:2: v_misc_23, nicolae_vaults_apartment_2, nicolae_vaults_little_ls,
          v_misc_31, vaults_dpeg_cross, vaults_dpeg_encased_lava,
          vaults_mumra_chevron, nicolae_vaults_network_s, grunt_vaults_diagonal,
          nicolae_vaults_closet_pinwheel_1, nicolae_vaults_six-pack,
          minmay_crypt_entry_simple_box, vaults_room_ringed_pool,
          nicolae_vaults_variable_pillar_hall, layout_vaults_omnicross
Vaults:3: v_misc_12, ontoclasm_vaults_loading_screen,
          nicolae_vaults_steering_wheel, nicolae_vaults_weapon_check, v_misc_19,
          vaults_room_semicircle, nicolae_vaults_diamond_2,
          layout_vaults_maze_snakey
Vaults:4: nicolae_vaults_storage_closets_3,
          nicolae_vaults_offset_grid_hallway_4, vaults_room_hallway,
          nicolae_vaults_corridor_and_loot_room, vaults_mumra_chevron_long,
          vaults_mumra_lcd, nicolae_vaults_big_angled_halls,
          ontoclasm_vaults_ring_square, nicolae_vaults_trapezoid_1,
          v_alt_pattern_2, nicolae_vaults_apartment_1,
          serial_library_regret_index_small_wings, layout_vaults_omnibox,
          serial_shops, shop
Vaults:5: serial_shops
Crypt:1:  minmay_guarded_unrand_majin_bo, layout_misc_corridors
Crypt:2:  lemuel_vampire_tower, layout_basic, basic_altar
Crypt:3:  cryptofortress_bobbens
Depths:1: layout_cave_shapes, enter_ziggurat_a, hellmouth_1,
          nicolae_wu_jian_immortal_techniques, minmay_acid_items,
          minmay_shop_grove
Depths:2: evilmike_diamond_1, layout_basic, grunt_pan_entry_in_and_out,
          enter_trove_2, hell_entry, tso_metal_star, nicolae_wwwww,
          infiniplex_staircase_zigzag_3
Depths:3: hangedman_cross_cluster, layout_gridlike, fedhas_altar_2,
          hangedman_tar_grid_catacomb, pan_entry,
          nicolae_abyss_entry_one_way_or_another, hangedman_decor_growths,
          serial_bayou_shore_b
Depths:4: grunt_zot_entry_funnels, layout_cave_pools, abyss_entry,
          pf_dread_powers_of_hell, minmay_misc_feat_room, serial_shops,
          bzr_entry_islet, minmay_misc_feat_secret_circle, zin_statuary,
          uniq_margery
Zot:1:    layout_cathedral_of_symmetry, ebering_ghost_disaster_area

Skill      XL: |  1  2  3  4  5  6  7  8  9 10 11 12 13 14 15 16 17 18 19 20 21 22 23 24 |
---------------+-------------------------------------------------------------------------+-----
Stealth        | 3 4 5 6 7 8 10 12 14 15 | 15.4
Dodging        | 3 4 5 7 8 9 10 12 14 17 19 21 22 | 22.1
Fighting       | 1 2 3 4 5 6 8 10 11 12 13 14 15 | 15.0
Spellcasting   | 3 4 5 6 8 9 10 11 12 14 15 16 17 | 17.0
Summonings     | 5 6 7 8 9 10 12 13 15 18 19 22 23 | 23.6
Hexes          | 2 4 5 7 8 11 | 11.1
Air Magic      | 1 2 4 5 6 7 |  7.0
Translocations | 5 |  5.0
Fire Magic     | 2 5 |  5.0
Shapeshifting  | 8 13 17 20 | 20.3

Action                     |  1- 3 |  4- 6 |  7- 9 | 10-12 | 13-15 | 16-18 | 19-21 | 22-24 || total
---------------------------+-------+-------+-------+-------+-------+-------+-------+-------++-------
  Melee: Unarmed           |     9 |    41 |    27 |    79 |    28 |    33 |    12 |   155 ||   384
         Bite              |       |     5 |     2 |    11 |     3 |     6 |     4 |    42 ||    73
         Punch             |       |       |       |     2 |       |       |       |     4 ||     6
         Tailslap          |       |       |       |       |       |       |       |    27 ||    27
   Cast: Summon Small Mamm |    35 |    23 |    18 |    46 |    45 |    18 |       |       ||   185
         Call Imp          |    11 |    18 |    16 |    31 |    27 |    15 |       |       ||   118
         Call Canine Famil |     2 |    14 |    16 |    36 |    39 |    39 |     1 |       ||   147
         Summon Blazeheart |       |     5 |    11 |    46 |    53 |     7 |       |       ||   122
         Summon Lightning  |       |       |    25 |    72 |    63 |    52 |    27 |       ||   239
         Summon Mana Viper |       |       |       |     1 |    48 |    98 |   119 |    28 ||   294
         Summon Cactus Gia |       |       |       |       |    55 |    91 |    70 |     3 ||   219
         Summon Forest     |       |       |       |       |    21 |    54 |     5 |     6 ||    86
         Summon Hydra      |       |       |       |       |       |   275 |   232 |   110 ||   617
         Martyr's Knell    |       |       |       |       |       |    14 |     9 |       ||    23
         Dragon's Call     |       |       |       |       |       |       |    32 |    59 ||    91
         Enfeeble          |       |       |       |       |       |       |     4 |   115 ||   119
         Haunt             |       |       |       |       |       |       |     4 |     5 ||     9
         Dispel Undead     |       |       |       |       |       |       |     4 |     3 ||     7
         Blink             |       |       |       |       |       |       |       |     1 ||     1
 Invoke: Potion Petition   |       |       |       |       |     1 |    12 |     7 |     3 ||    23
         Call Merchant     |       |       |       |       |       |     2 |       |       ||     2
         Bribe Branch      |       |       |       |       |       |       |       |     1 ||     1
Ability: Breathe Fire      |       |       |       |       |       |       |       |    20 ||    20
  Evoke: Wand              |       |       |     2 |     4 |    19 |    30 |     5 |     9 ||    69
         Phial of floods   |       |       |       |       |       |     1 |       |     2 ||     3
         Sack of spiders   |       |       |       |       |       |       |       |     1 ||     1
    Use: Scroll            |     1 |     9 |     1 |    18 |    11 |    19 |     9 |    11 ||    79
         Potion            |       |       |     3 |     1 |     4 |    17 |     6 |    11 ||    42
   Stab: Distracted        |       |     1 |     2 |     2 |       |     2 |       |     2 ||     9
         Sleeping          |       |       |       |     5 |     1 |     1 |       |       ||     7
         Betrayed ally     |       |       |       |     1 |       |       |       |       ||     1
         Petrified         |       |       |       |       |       |     1 |       |       ||     1
         Invisible         |       |       |       |       |       |     2 |     1 |    14 ||    17
 Armour: Skin              |     2 |    20 |    32 |    78 |    58 |   209 |   101 |   258 ||   758
  Dodge: Dodged            |    11 |    48 |    83 |   165 |   123 |   551 |   280 |   350 ||  1611
  Block: Other             |       |       |       |    21 |    27 |    46 |     7 |       ||   101
         Reflection        |       |       |       |     3 |     4 |     3 |     2 |       ||    12
   Form: Dragon            |       |       |       |       |       |       |     2 |     4 ||     6
                           |       |       |       |       |       |       |     2 |     1 ||     3
         Statue            |       |       |       |       |       |       |       |     4 ||     4

Table legend: (Time is in decaauts)
 A = Elapsed time spent in this place.
 B = Non-inter-level travel time spent in this place.
 C = Inter-level travel time spent in this place.
 D = Time resting spent in this place.
 E = Time spent auto-exploring this place.
 F = Levels seen in this place.
 G = Mean time per level.
                   A        B        C        D        E       F      G
               +--------+--------+--------+--------+--------+-----+--------+
         Total |  96419 |  89124 |   7295 |  32531 |  38757 |  48 | 2008.7 |
       Dungeon |  23300 |  20245 |   3055 |   6184 |   9868 |  15 | 1553.3 |
          Lair |  10459 |   9602 |    857 |   2868 |   4844 |   5 | 2091.8 |
        Shoals |  12709 |  12331 |    378 |   8089 |   2314 |   4 | 3177.2 |
   Spider Nest |  12074 |  11722 |    352 |   5904 |   4021 |   4 | 3018.5 |
  Orcish Mines |   3668 |   3315 |    353 |   1209 |   1535 |   2 | 1834.0 |
   Elven Halls |   8142 |   7866 |    276 |   3710 |   2213 |   3 | 2714.0 |
        Vaults |  10623 |   9468 |   1155 |   1406 |   6018 |   5 | 2124.6 |
         Crypt |   6530 |   6074 |    456 |   1087 |   3355 |   3 | 2176.7 |
        Depths |   8276 |   7868 |    408 |   2073 |   4427 |   4 | 2069.0 |
           Zot |    154 |    154 |      0 |      0 |      0 |   1 |  154.0 |
        Bazaar |    174 |    174 |      0 |      0 |    143 |   1 |  174.0 |
      Gauntlet |    305 |    305 |      0 |      0 |     17 |   1 |  305.0 |
               +--------+--------+--------+--------+--------+-----+--------+

Top non-repeatable levels by time:
Shoals:3: 7612 daAuts
   Elf:2: 3678 daAuts
Spider:3: 3548 daAuts
Spider:4: 3132 daAuts
Spider:2: 3132 daAuts
   Orc:2: 2904 daAuts
Vaults:1: 2759 daAuts
Vaults:2: 2753 daAuts
   Elf:3: 2735 daAuts
  Lair:5: 2707 daAuts
    D:10: 2516 daAuts
Depths:4: 2514 daAuts
 Crypt:3: 2496 daAuts
  Lair:3: 2475 daAuts
 Crypt:1: 2324 daAuts
